[ AOE2 MATCH · #506335629 ]
UnrankedHuns vs Goths
Player's team · LOSS
Rival team · WIN
[ REPLAY ANALYSIS · EXTRACTED FROM THE RECORDED GAME ]
Feudal
8:52
Castle
22:39
Imperial
44:05
| APM avg | 50.5 |
| APM peak | 86 |
| eAPM avg | 27.5 |
| Villagers / military | 207 / 111 |
Focus
⚔️ 38.0% · 🌾 62.0%
Knight ×71 · Archer ×14 · Monk ×8 · Scout Cavalry ×6 · Scorpion ×5 · Trebuchet (Packed) ×3
Feudal
13:57
Castle
19:31
Imperial
47:35
| APM avg | 31.0 |
| APM peak | 70 |
| eAPM avg | 21.0 |
| Villagers / military | 187 / 263 |
Focus
⚔️ 34.1% · 🌾 65.9%
Huskarl ×125 · Spearman ×121 · Monk ×7 · Militia ×6 · Trebuchet (Packed) ×3 · Battering Ram ×1
Match map
Initial resources + every placement click. Lines = walls · curves = elevation contours. ◆ gold · ⬟ stone · ● berries · ✦ relic · ◌ wall gap
Your base· ✓ Closed at 22:39 · 62t walls · no gate
lenko's base· ✓ Closed at 19:31 · 46t walls · no gate
Smoothed initial terrain · ◌ = detected wall gap · hover for details
Inputs per minute
— OSO_CT - - lenko
Build order — OSO_CT
First 150 of 452 actions detected
| 0:00 | Queue | Villager (Male) |
| 0:00 | Queue | Villager (Male) |
| 0:01 | Queue | Villager (Male) |
| 0:01 | Queue | Villager (Male) |
| 1:21 | Queue | Villager (Male) |
| 1:43 | Queue | Villager (Male) |
| 1:49 | Build | Lumber Camp |
| 2:12 | Queue | Villager (Male) |
| 2:50 | Queue | Villager (Male) |
| 2:50 | Queue | Villager (Male) |
| 3:41 | Queue | Villager (Male) |
| 3:41 | Queue | Villager (Male) |
| 4:12 | Queue | Villager (Male) |
| 4:20 | Build | Mill |
| 4:27 | Queue | Villager (Male) |
| 4:41 | Queue | Villager (Male) |
| 4:41 | Queue | Villager (Male) |
| 5:11 | Queue | Villager (Male) |
| 5:29 | Queue | Villager (Male) |
| 5:30 | Research | Loom |
| 6:35 | Research | Feudal Age |
| 7:27 | Build | Barracks |
| 7:35 | Build | Palisade Wall |
| 7:38 | Build | Palisade Wall |
| 8:52 | Age | Feudal Age |
| 8:54 | Queue | Villager (Male) |
| 8:56 | Build | Archery Range |
| 9:21 | Queue | Villager (Male) |
| 9:24 | Build | Mining Camp |
| 9:42 | Queue | Villager (Male) |
| 9:42 | Queue | Villager (Male) |
| 9:49 | Build | Palisade Wall |
| 9:50 | Build | Palisade Wall |
| 9:51 | Build | Palisade Wall |
| 10:00 | Queue | Archer |
| 10:15 | Queue | Villager (Male) |
| 10:26 | Build | Palisade Wall |
| 10:28 | Build | Palisade Wall |
| 10:30 | Build | Palisade Wall |
| 10:41 | Queue | Villager (Male) |
| 10:57 | Build | Palisade Wall |
| 10:58 | Build | Palisade Wall |
| 11:03 | Queue | Villager (Male) |
| 11:08 | Build | Mill |
| 11:18 | Queue | Archer |
| 11:26 | Build | Palisade Wall |
| 11:31 | Queue | Villager (Male) |
| 11:42 | Build | Palisade Wall |
| 11:45 | Build | Palisade Wall |
| 11:47 | Build | Palisade Wall |
| 11:54 | Queue | Villager (Male) |
| 11:55 | Queue | Archer |
| 12:14 | Queue | Villager (Male) |
| 12:23 | Queue | Archer |
| 12:27 | Build | Blacksmith |
| 12:29 | Build | Palisade Wall |
| 12:30 | Build | Palisade Wall |
| 12:32 | Build | Palisade Wall |
| 12:35 | Build | Farm |
| 12:44 | Queue | Villager (Male) |
| 12:50 | Build | Farm |
| 12:53 | Build | Farm |
| 12:57 | Queue | Archer |
| 13:04 | Queue | Spearman |
| 13:07 | Queue | Villager (Male) |
| 13:30 | Research | Fletching |
| 13:36 | Build | Farm |
| 13:38 | Build | Farm |
| 13:57 | Queue | Villager (Male) |
| 13:59 | Queue | Archer |
| 13:59 | Queue | Archer |
| 14:16 | Queue | Villager (Male) |
| 14:19 | Build | Farm |
| 14:35 | Queue | Villager (Male) |
| 14:41 | Queue | Villager (Male) |
| 14:48 | Build | Palisade Wall |
| 14:49 | Build | Palisade Wall |
| 14:51 | Build | Palisade Wall |
| 14:59 | Queue | Archer |
| 15:07 | Build | Palisade Wall |
| 15:16 | Build | Palisade Wall |
| 15:17 | Build | Palisade Wall |
| 15:30 | Queue | Villager (Male) |
| 15:30 | Queue | Archer |
| 15:43 | Queue | Archer |
| 15:45 | Queue | Villager (Male) |
| 15:54 | Queue | Villager (Male) |
| 16:08 | Queue | Villager (Male) |
| 16:20 | Build | Farm |
| 16:22 | Build | Farm |
| 16:23 | Build | Farm |
| 16:31 | Queue | Villager (Male) |
| 16:37 | Queue | Archer |
| 16:39 | Queue | Villager (Male) |
| 16:56 | Queue | Archer |
| 17:01 | Queue | Villager (Male) |
| 17:05 | Build | Farm |
| 17:07 | Build | Farm |
| 17:17 | Build | Farm |
| 17:36 | Queue | Villager (Male) |
| 17:42 | Queue | Villager (Male) |
| 17:43 | Queue | Archer |
| 17:48 | Queue | Archer |
| 17:58 | Build | Farm |
| 18:12 | Queue | Villager (Male) ×5 |
| 18:23 | Build | Farm |
| 19:08 | Queue | Villager (Male) ×5 |
| 19:22 | Queue | Villager (Male) |
| 19:27 | Build | Market |
| 19:59 | Research | Castle Age |
| 20:25 | Build | Stone Wall |
| 20:38 | Build | Stone Wall |
| 20:41 | Build | Stable |
| 20:45 | Build | Stable |
| 20:49 | Build | Stone Wall |
| 20:54 | Build | Stone Wall |
| 20:56 | Build | Stone Wall |
| 21:54 | Build | Stone Wall |
| 22:23 | Research | Scale Barding Armor |
| 22:24 | Research | Bloodlines |
| 22:34 | Build | Stone Wall |
| 22:36 | Build | Farm |
| 22:39 | Age | Castle Age |
| 22:41 | Build | Farm |
| 22:42 | Queue | Knight |
| 22:42 | Queue | Knight |
| 22:42 | Queue | Villager (Male) |
| 22:43 | Queue | Villager (Male) |
| 22:54 | Build | Monastery |
| 23:05 | Build | Stone Wall |
| 23:06 | Build | Stone Wall |
| 23:07 | Build | Stone Wall |
| 23:13 | Queue | Villager (Male) ×5 |
| 23:19 | Queue | Knight |
| 23:35 | Queue | Knight |
| 23:36 | Queue | Knight |
| 23:50 | Queue | Knight |
| 23:58 | Queue | Monk |
| 23:59 | Build | Farm |
| 24:02 | Research | Forging |
| 24:03 | Queue | Villager (Male) |
| 24:22 | Queue | Villager (Male) |
| 24:23 | Queue | Knight |
| 24:45 | Queue | Villager (Male) |
| 25:15 | Queue | Villager (Male) |
| 25:21 | Queue | Scout Cavalry |
| 25:27 | Build | Town Center |
| 25:32 | Queue | Scout Cavalry |
| 25:40 | Queue | Monk |
| 25:42 | Queue | Scout Cavalry |
Build order — lenko
First 150 of 427 actions detected
| 0:01 | Queue | Villager (Male) |
| 0:02 | Build | House |
| 0:03 | Build | House |
| 0:15 | Queue | Villager (Male) ×3 |
| 1:24 | Queue | Villager (Male) |
| 1:53 | Queue | Villager (Male) |
| 1:58 | Build | Lumber Camp |
| 2:18 | Queue | Villager (Male) |
| 2:45 | Research | Loom |
| 2:50 | Queue | Villager (Male) |
| 2:59 | Build | House |
| 3:03 | Queue | Villager (Male) |
| 3:39 | Queue | Villager (Male) |
| 3:58 | Queue | Villager (Male) |
| 4:18 | Queue | Villager (Male) |
| 4:41 | Build | House |
| 5:07 | Queue | Villager (Male) |
| 5:07 | Queue | Villager (Male) |
| 5:08 | Queue | Villager (Male) |
| 5:15 | Build | Barracks |
| 5:29 | Queue | Villager (Male) |
| 6:09 | Build | House |
| 6:14 | Queue | Militia |
| 6:29 | Build | Mining Camp |
| 6:30 | Queue | Villager (Male) |
| 6:40 | Queue | Militia |
| 6:57 | Queue | Villager (Male) |
| 6:57 | Queue | Villager (Male) |
| 6:58 | Queue | Villager (Male) |
| 7:34 | Build | Mill |
| 7:59 | Queue | Villager (Male) |
| 7:59 | Queue | Villager (Male) |
| 8:04 | Queue | Militia ×2 |
| 8:29 | Queue | Villager (Male) |
| 8:29 | Queue | Villager (Male) |
| 8:29 | Queue | Villager (Male) |
| 8:55 | Queue | Villager (Male) |
| 8:55 | Queue | Villager (Male) |
| 9:01 | Build | House |
| 9:01 | Build | House |
| 9:05 | Build | Palisade Wall |
| 9:16 | Queue | Militia ×2 |
| 9:54 | Queue | Villager (Male) ×4 |
| 9:58 | Build | Mining Camp |
| 10:14 | Build | House |
| 10:19 | Build | Palisade Wall |
| 10:23 | Build | Farm |
| 10:38 | Build | Palisade Wall |
| 10:43 | Build | Palisade Wall |
| 10:45 | Build | Palisade Wall |
| 11:01 | Build | Farm |
| 11:19 | Build | Farm |
| 11:47 | Research | Feudal Age |
| 11:53 | Build | Farm |
| 12:20 | Build | Farm |
| 12:59 | Build | Farm |
| 13:02 | Build | Farm |
| 13:03 | Queue | Villager (Male) |
| 13:03 | Queue | Villager (Male) |
| 13:04 | Queue | Villager (Male) |
| 13:10 | Build | House |
| 13:12 | Build | House |
| 13:29 | Build | Palisade Wall |
| 13:31 | Build | Palisade Wall |
| 13:31 | Build | Palisade Wall |
| 13:57 | Age | Feudal Age |
| 14:01 | Queue | Villager (Male) |
| 14:01 | Queue | Villager (Male) |
| 14:06 | Research | Man-at-Arms (upgrade) |
| 15:13 | Build | Blacksmith |
| 15:38 | Build | Market |
| 16:15 | Build | Lumber Camp |
| 16:44 | Build | Farm |
| 16:51 | Research | Castle Age |
| 17:08 | Build | House |
| 17:10 | Build | House |
| 17:20 | Build | House |
| 17:23 | Build | House |
| 18:01 | Build | Farm |
| 18:12 | Queue | Villager (Male) |
| 19:31 | Age | Castle Age |
| 19:33 | Build | Castle |
| 19:37 | Queue | Villager (Male) |
| 19:46 | Build | Monastery |
| 19:52 | Build | House |
| 20:15 | Queue | Huskarl |
| 20:15 | Queue | Huskarl |
| 20:38 | Research | Scale Mail Armor |
| 20:41 | Queue | Huskarl |
| 20:41 | Queue | Huskarl |
| 20:50 | Build | Farm |
| 20:51 | Queue | Villager (Male) |
| 20:59 | Build | Farm |
| 21:10 | Queue | Huskarl |
| 21:17 | Build | Farm |
| 21:25 | Queue | Monk |
| 21:29 | Queue | Huskarl |
| 21:51 | Queue | Huskarl |
| 21:57 | Queue | Monk |
| 22:10 | Queue | Villager (Male) |
| 22:41 | Queue | Villager (Male) |
| 22:41 | Queue | Villager (Male) |
| 22:44 | Build | Farm |
| 22:49 | Queue | Huskarl |
| 23:07 | Build | Farm |
| 23:08 | Build | Farm |
| 23:13 | Research | Forging |
| 23:13 | Research | Forging |
| 23:33 | Queue | Huskarl |
| 23:42 | Queue | Villager (Male) |
| 23:47 | Build | Farm |
| 24:00 | Queue | Monk |
| 24:06 | Queue | Villager (Male) |
| 24:06 | Queue | Villager (Male) |
| 24:18 | Queue | Huskarl |
| 24:41 | Queue | Spearman |
| 24:41 | Queue | Spearman |
| 24:41 | Queue | Spearman |
| 24:49 | Queue | Monk |
| 24:52 | Queue | Huskarl |
| 24:56 | Queue | Villager (Male) |
| 25:11 | Queue | Villager (Male) |
| 25:32 | Queue | Huskarl |
| 25:33 | Queue | Huskarl |
| 25:57 | Build | Town Center |
| 26:00 | Queue | Villager (Male) ×2 |
| 26:15 | Queue | Spearman |
| 26:15 | Queue | Spearman |
| 26:35 | Research | Squires |
| 26:49 | Queue | Villager (Male) ×3 |
| 27:03 | Queue | Villager (Male) |
| 27:39 | Queue | Huskarl ×2 |
| 27:42 | Queue | Spearman ×2 |
| 27:55 | Build | Farm |
| 27:58 | Queue | Villager (Male) |
| 28:02 | Build | Town Center |
| 28:05 | Queue | Villager (Male) |
| 28:21 | Queue | Huskarl |
| 28:32 | Research | Chain Mail Armor |
| 28:33 | Queue | Villager (Male) |
| 28:47 | Queue | Villager (Male) |
| 29:25 | Research | Pikeman (upgrade) |
| 29:37 | Queue | Villager (Male) ×5 |
| 29:44 | Build | Farm |
| 29:45 | Build | Farm |
| 29:47 | Queue | Villager (Male) |
| 29:49 | Build | Farm |
| 29:54 | Build | Farm |
| 29:54 | Build | Farm |
| 29:56 | Build | Farm |
Match timeline
| 5:15 | lenko · first_building Barracks |
| 7:27 | OSO_CT · first_building Barracks |
| 7:35 | OSO_CT · wall_segment Palisade Wall x3 |
| 7:38 | OSO_CT · wall_segment Palisade Wall x6 |
| 8:52 | OSO_CT · age_up feudal |
| 8:56 | OSO_CT · first_building Archery Range |
| 9:05 | lenko · wall_segment Palisade Wall x9 |
| 9:49 | OSO_CT · wall_segment Palisade Wall x1 |
| 9:50 | OSO_CT · wall_segment Palisade Wall x1 |
| 9:51 | OSO_CT · wall_segment Palisade Wall x1 |
| 10:19 | lenko · wall_segment Palisade Wall x7 |
| 10:26 | OSO_CT · wall_segment Palisade Wall x1 |
| 10:28 | OSO_CT · wall_segment Palisade Wall x1 |
| 10:30 | OSO_CT · wall_segment Palisade Wall x1 |
| 10:38 | lenko · wall_segment Palisade Wall x11 |
| 10:43 | lenko · wall_segment Palisade Wall x2 |
| 10:45 | lenko · wall_segment Palisade Wall x14 |
| 10:57 | OSO_CT · wall_segment Palisade Wall x1 |
| 10:58 | OSO_CT · wall_segment Palisade Wall x1 |
| 11:26 | OSO_CT · wall_segment Palisade Wall x1 |
| 11:42 | OSO_CT · wall_segment Palisade Wall x1 |
| 11:45 | OSO_CT · wall_segment Palisade Wall x1 |
| 11:47 | OSO_CT · wall_segment Palisade Wall x1 |
| 12:29 | OSO_CT · wall_segment Palisade Wall x1 |
| 12:30 | OSO_CT · wall_segment Palisade Wall x1 |
| 12:32 | OSO_CT · wall_segment Palisade Wall x8 |
| 13:29 | lenko · wall_segment Palisade Wall x1 |
| 13:31 | lenko · wall_segment Palisade Wall x1 |
| 13:31 | lenko · wall_segment Palisade Wall x1 |
| 13:57 | lenko · age_up feudal |
| 14:48 | OSO_CT · wall_segment Palisade Wall x1 |
| 14:49 | OSO_CT · wall_segment Palisade Wall x1 |
| 14:51 | OSO_CT · wall_segment Palisade Wall x1 |
| 15:07 | OSO_CT · wall_segment Palisade Wall x1 |
| 15:16 | OSO_CT · wall_segment Palisade Wall x1 |
| 15:17 | OSO_CT · wall_segment Palisade Wall x1 |
| 16:23 | lenko · first_market_buy 100 food |
| 19:31 | lenko · age_up castle |
| 19:33 | lenko · first_building Castle |
| 19:46 | lenko · first_building Monastery |
| 20:25 | OSO_CT · wall_segment Stone Wall x3 |
| 20:38 | OSO_CT · wall_segment Stone Wall x3 |
| 20:41 | OSO_CT · first_building Stable |
| 20:49 | OSO_CT · wall_segment Stone Wall x8 |
| 20:54 | OSO_CT · wall_segment Stone Wall x5 |
| 20:56 | OSO_CT · wall_segment Stone Wall x5 |
| 21:54 | lenko · first_market_sell 100 wood |
| 21:54 | OSO_CT · wall_segment Stone Wall x1 |
| 22:34 | OSO_CT · wall_segment Stone Wall x1 |
| 22:39 | OSO_CT · age_up castle |
| 22:54 | OSO_CT · first_building Monastery |
| 23:05 | OSO_CT · wall_segment Stone Wall x1 |
| 23:06 | OSO_CT · wall_segment Stone Wall x1 |
| 23:07 | OSO_CT · wall_segment Stone Wall x3 |
| 25:05 | OSO_CT · first_market_buy 100 stone |
| 26:10 | OSO_CT · wall_segment Stone Wall x1 |
| 28:06 | OSO_CT · first_building Siege Workshop |
| 29:54 | OSO_CT · wall_segment Stone Wall x1 |
| 29:58 | OSO_CT · wall_segment Stone Wall x1 |
| 29:59 | OSO_CT · wall_segment Stone Wall x1 |
| 30:21 | OSO_CT · first_market_sell 100 wood |
| 36:21 | OSO_CT · first_building Castle |
| 40:09 | OSO_CT · wall_segment Palisade Wall x1 |
| 41:53 | OSO_CT · wall_segment Stone Wall x7 |
| 42:06 | OSO_CT · wall_segment Stone Wall x1 |
| 42:08 | OSO_CT · wall_segment Stone Wall x10 |
| 43:33 | lenko · first_building Siege Workshop |
| 44:05 | OSO_CT · age_up imperial |
| 45:13 | OSO_CT · wall_segment Stone Wall x3 |
| 45:18 | OSO_CT · wall_segment Stone Wall x11 |
| 45:55 | OSO_CT · wall_segment Stone Wall x1 |
| 45:59 | OSO_CT · wall_segment Stone Wall x5 |
| 46:31 | lenko · wall_segment Palisade Wall x1 |
| 46:49 | OSO_CT · wall_segment Stone Wall x5 |
| 47:35 | lenko · age_up imperial |
| 50:19 | OSO_CT · resign |
[ AI ANALYSIS · 1 CREDIT ]
What really happened in this match?
Wolo.gg analyzes every decision: build order, eco, micro, common mistakes by bracket. Personalized analysis on WhatsApp or Discord in 30 seconds.
Civ guide
Huns
Perfil
Jugador #5187661